 Dungeon Crawl Stone Soup version 0.31-a0-521-gc7390f8 (webtiles) character file.

Game seed: 5854228546320440004

213 Dorkslayer the Cudgeller (level 5, -1/53 HPs)
             Began as a Troll Fighter on Aug 10, 2023.
             Slain by a gnoll
             ... wielding a +0 halberd
              (15 damage)
             ... on level 3 of the Dungeon.
             The game lasted 00:04:36 (1846 turns).

Dorkslayer the Cudgeller (Troll Fighter)            Turns: 1846, Time: 00:04:36

Health: -1/53      AC:  4    Str: 24    XL:     5   Next: 59%
Magic:  4/4        EV:  9    Int:  4    God:
Gold:   149        SH:  0    Dex: 11    Spells: 4/4 levels left

rFire   . . .        a - +0 flail
rCold   . . .        c - +0 kite shield
rNeg    . . .        b - +0 robe
rPois   .            (helmet restricted)
rElec   .            (no cloak)
rCorr   .            (gloves unavailable)
SInv    .            (boots unavailable)
Will    .....        (no amulet)
Stlth   +            h - ring of flight
HPRegen 1.08/turn    (no ring)
MPRegen 0.09/turn

%: no passive effects
@: confused, ambrosia-drunk, flying
A: large, unfitting armour, claws 3, regeneration 1, shaggy fur 1, tough skin 1
a: no special abilities


You were on level 3 of the Dungeon.
You visited 1 branch of the dungeon, and saw 3 of its levels.

You collected 149 gold pieces.

Inventory:

Hand Weapons
 a - a +0 flail (weapon)
Armour
 b - a +0 robe (worn)
 c - a +0 kite shield (worn)
Jewellery
 h - a ring of flight (left claw)
Potions
 d - a potion of might
 k - a potion of brilliance {unknown}
 n - a potion of magic {unknown}


   Skills:
 + Level 3.1 Fighting
 + Level 3.7 Maces & Flails
 + Level 3.2 Dodging
 + Level 0.2 Stealth
 + Level 3.2 Shields


You had 4 spell levels left.
You didn't know any spells.
Your spell library was empty.

Dungeon Overview and Level Annotations

Branches:
Dungeon (3/15)

Altars:
Cheibriados


Innate Abilities, Weirdness & Mutations

You are too large for most types of armour.
You have claws for hands.
Your natural rate of healing is unusually fast.
You are covered in fur. (AC +1)
You have tough skin. (AC +1)


Message History

The gnoll hits you from afar with a +0 halberd!
You barely miss the gnoll.
The gnoll is lightly wounded.
The gnoll closely misses you. The gnoll hits you but does no damage.
You closely miss the gnoll.
The gnoll is lightly wounded.
The gnoll hits you from afar with a +0 halberd.
The gnoll hits you with a +0 whip.
You hit the gnoll.
The gnoll is heavily wounded.
The gnoll hits you from afar with a +0 halberd!
The gnoll barely misses you. The gnoll hits you with a +0 whip.
The gnoll hits you from afar with a +0 halberd!
* * * LOW HITPOINT WARNING * * *
You sock the gnoll!
You kill the gnoll!
The gnoll barely misses you.
You feel better.
The gnoll hits you from afar with a +0 halberd.
* * * LOW HITPOINT WARNING * * *
You block the gnoll's attack. The gnoll barely misses you.
You see here a +0 whip.
You closely miss the gnoll.
The gnoll hits you from afar with a +0 spear.
* * * LOW HITPOINT WARNING * * *
The gnoll hits you with a +0 halberd.
* * * LOW HITPOINT WARNING * * *
A gnoll comes into view. It is wielding a +0 whip of venom.
You are confused.
You feel invigorated. The gnoll hits you but does no damage.
The gnoll hits you with a +0 halberd!
* * * LOW HITPOINT WARNING * * *
You bump into the rock wall.
The gnoll hits you from afar with a +0 spear.
* * * LOW HITPOINT WARNING * * *
The gnoll misses you.
You hit the gnoll but do no damage. The gnoll closely misses you.
The gnoll barely misses you.
The gnoll hits you but does no damage. x2
The gnoll attacks as you move away! The gnoll hits you with a +0 halberd!
You die...

###.......# ..?.......#
########### #........#
#..........
##........####..........
........................
#.......####........†.
#..)....# #........†.
#.......# ###########
......#@### # #.###.#g#
.. # $


#gg ... ## #### ..... ###.. #.# You could see 3 gnolls.

Vanquished Creatures
  A jelly (D:3)
  Natasha (D:2)
  Terence (D:2)
  A gnoll (D:3)
  6 adders
  3 worms
  3 dart slugs
  An orc (D:3)
  5 bats
  6 endoplasms
  2 giant cockroaches
  5 goblins (D:2)
  6 hobgoblins
  2 quokkas
  7 ball pythons
  4 frilled lizards
  3 kobolds
  3 rats (D:1)
60 creatures vanquished.

Notes
Turn   | Place    | Note
-------+----------+-------------------------------------------
     0 | D:1      | Dorkslayer the Troll Fighter began the quest for the Orb.
     0 | D:1      | Reached XP level 1. HP: 22/22 MP: 0/0
   249 | D:1      | Reached XP level 2. HP: 29/29 MP: 1/1
   896 | D:2      | Reached XP level 3. HP: 33/36 MP: 2/2
   920 | D:2      | Found a faded altar of an unknown god.
  1122 | D:2      | Noticed Natasha
  1128 | D:2      | Reached XP level 4. HP: 44/44 MP: 3/3
  1150 | D:2      | Killed Natasha
  1451 | D:2      | Noticed Terence
  1471 | D:2      | Killed Terence
  1612 | D:3      | Reached XP level 5. HP: 25/52 MP: 4/4
  1763 | D:3      | Found a snail-covered altar of Cheibriados.
  1846 | D:3      | Slain by a gnoll

Illustrated notes

Levels and vault maps discovered:
D:1:      scummos_arrival_simple_crosswalls, layout_basic
D:2:      layout_loops_cross, chequers_ecumenical_altar_twisty, uniq_natasha,
          uniq_terence
D:3:      layout_basic, nicolae_overflow_crystal_walls, slow_altar_2,
          nicolae_shop_vocational, uniq_ijyb

Skill      XL: |  1  2  3  4  5 |
---------------+----------------+-----
Maces & Flails | 2 3 |  3.7
Shields        | 3 |  3.2
Dodging        | 3 |  3.2
Fighting       | 3 |  3.1
Stealth        | |  0.2

Action                     |  1- 3 |  4- 6 || total
---------------------------+-------+-------++-------
  Melee: Flail             |   112 |   142 ||   254
    Use: Potion            |       |     3 ||     3
         Scroll            |       |     5 ||     5
   Stab: Sleeping          |       |     1 ||     1
 Armour: Robe              |    66 |    63 ||   129
  Dodge: Dodged            |    31 |    71 ||   102
  Block: Kite shield       |    40 |    67 ||   107

Table legend: (Time is in decaauts)
 A = Elapsed time spent in this place.
 B = Non-inter-level travel time spent in this place.
 C = Inter-level travel time spent in this place.
 D = Time resting spent in this place.
 E = Time spent auto-exploring this place.
 F = Levels seen in this place.
 G = Mean time per level.
                   A        B        C        D        E       F      G
               +--------+--------+--------+--------+--------+-----+--------+
         Total |   1942 |   1942 |      0 |     19 |    871 |   3 |  647.3 |
       Dungeon |   1942 |   1942 |      0 |     19 |    871 |   3 |  647.3 |
               +--------+--------+--------+--------+--------+-----+--------+

Top non-repeatable levels by time:
     D:1: 898 daAuts
     D:2: 778 daAuts
     D:3: 265 daAuts
